 Seeded DCSS version 0.31-a0-557-g6e16503903 (webtiles) character file.

Game seed: 16161720884980326079 (custom seed)

47 innerfire43 the Trooper (level 3, -4/29 HPs)
             Began as a Demonspawn Monk on Aug 16, 2023.
             Was the Champion of Ignis.
             Slain by an iguana (12 damage)
             ... on level 4 of the Dungeon.
             The game lasted 00:01:22 (889 turns).

innerfire43 the Trooper (Demonspawn Monk)            Turns: 889, Time: 00:01:23

Health: -4/29      AC:  2    Str: 13    XL:     3   Next: 48%
Magic:  3/3        EV: 13    Int: 11    God:    Ignis [******]
Gold:   65         SH:  0    Dex: 15    Spells: 2/2 levels left

rFire   + . .        a - +0 mace
rCold   . . .        d - orb {light}
rNeg    . . .        b - +0 robe
rPois   .            (helmet restricted)
rElec   .            (no cloak)
rCorr   .            (no gloves)
SInv    .            (no boots)
Will    .....        (no amulet)
Stlth   +            (no ring)
HPRegen 0.24/turn    (no ring)
MPRegen 0.08/turn

%: no passive effects
@: confused, ambrosia-drunk, glowing
A: antennae 1, spiny 1
a: Renounce Religion, Fiery Armour, Foxfire Swarm, Rising Flame


You were on level 4 of the Dungeon.
You worshipped Ignis.
Ignis was exalted by your worship.
You visited 1 branch of the dungeon, and saw 3 of its levels.

You collected 65 gold pieces.

Inventory:

Hand Weapons
 a - a +0 mace (weapon)
Armour
 b - a +0 robe (worn)
 d - an orb of light (worn)
Jewellery
 i - an amulet of faith
Wands
 l - a wand of iceblast (4)
Scrolls
 f - 2 scrolls of silence {unknown}
 h - a scroll of brand weapon {unknown}
 k - a scroll of fog {unknown}
Potions
 c - a potion of ambrosia
 e - a potion of heal wounds {unknown}
 g - a potion of haste {unknown}
 j - a potion of attraction {unknown}


   Skills:
 + Level 3.6 Fighting
 + Level 3.2 Maces & Flails
 + Level 3.2 Dodging


You had 2 spell levels left.
You didn't know any spells.
Your spell library was empty.

Dungeon Overview and Level Annotations

Branches:
Dungeon (2/15)

Altars:
Makhleb
Sif Muna
Ignis


Innate Abilities, Weirdness & Mutations

You have a pair of small antennae on your head.
You are partially covered in sharp spines.


Message History

Unknown command.
You are too injured to fight recklessly!
Unknown command.
Unknown command.
The jackal attacks as you move away! The jackal bites you.
The jackal is struck by your spines.
You kill the jackal!
Hit: a) +0 mace
Press: ? - help, Dir - move target, f - you That would be overly suicidal.
Okay, then.
Hit: a) +0 mace
Press: ? - help, Dir - move target, f - iguana
Aim: an iguana (severely wounded, haloed, about 17% to evade your +0 mace)
Your weapon can't reach that far!
Okay, then.
An orc comes into view. It is wielding a +0 dagger.
The orc shouts!
The iguana is struck by your spines. The iguana bites you!
* * * LOW HITPOINT WARNING * * *
The jackal is struck by your spines. The jackal bites you.
* * * LOW HITPOINT WARNING * * *
You hit the jackal but do no damage.
The jackal is almost dead.
The jackal is struck by your spines.
You kill the jackal!
The iguana barely misses you.
You hit the jackal.
The jackal is severely wounded.
The jackal is struck by your spines. The jackal bites you.
* * * LOW HITPOINT WARNING * * *
The iguana closely misses you.
You are confused.
You feel invigorated. The jackal bites you.
* * * LOW HITPOINT WARNING * * *
The iguana completely misses you. The jackal is struck by your spines.
You kill the jackal!
You hit the jackal but do no damage. The jackal misses you.
The iguana bites you!
You die...

....####...###### ....$.
##...####### #...... ##...#
....... .##...## ##.......
...#...## #........
...†....# ##........
........## ##o........
.........# ####h.#.......
.........#####.#@l####....#
..........##....### .###
.................# #
...................#
....................#
......#............##
.[...##............# .....
#............# ...
#...........##


You could see an iguana, an orc and a jackal.

Vanquished Creatures
  An adder (D:2)
  An ufetubus (D:4)
  A worm (D:2)
  2 dart slugs
  2 endoplasms
  4 goblins (D:2)
  2 hobgoblins
  3 jackals (D:4)
  4 kobolds (D:1)
  2 quokkas
  A ball python (D:2)
  A frilled lizard (D:1)
  A rat (D:2)
25 creatures vanquished.

Notes
Turn   | Place    | Note
-------+----------+-------------------------------------------
     0 | D:1      | innerfire43 the Demonspawn Monk began the quest for the
                  | Orb.
     0 | D:1      | Reached XP level 1. HP: 18/18 MP: 1/1
   126 | D:1      | Found a faded altar of an unknown god.
   168 | D:1      | Gained mutation: You are partially covered in sharp spines.
                  | [demonic ancestry]
   168 | D:1      | Reached XP level 2. HP: 20/24 MP: 2/2
   172 | D:1      | Prayed at the altar of an unknown god.
   172 | D:1      | Became a worshipper of Ignis, the Dying Flame
   172 | D:1      | Reached ****** piety under Ignis
   687 | D:2      | Gained mutation: You have a pair of small antennae on your
                  | head. [demonic ancestry]
   687 | D:2      | Reached XP level 3. HP: 14/29 MP: 3/3
   748 | D:2      | You fall into a shaft and drop 2 floors!
   808 | D:4      | Found a burning altar of Makhleb.
   808 | D:4      | Found a shimmering blue altar of Sif Muna.
   889 | D:4      | Slain by an iguana

Illustrated notes

Levels and vault maps discovered:
D:1:      nzn_arrival_settlement, layout_rooms,
          shapermc_ecumenical_altar_starsandcircs
D:2:      layout_basic, feat_on_display, uniq_jessica, uniq_robin,
          uniq_crazy_yiuf_cottage, uniq_terence
D:4:      layout_cave_pods, gammafunk_temple_overflow_wave, enter_ossuary_1,
          serial_shops, kennysheep_little_box

Skill      XL: |  1  2 |
---------------+-------+-----
Maces & Flails | 3 |  3.2
Dodging        | 3 |  3.2
Fighting       | |  3.6

Action                     || total
---------------------------++-------
  Melee: Mace              ||    52
    Use: Potion            ||     1
 Armour: Robe              ||    10
  Dodge: Dodged            ||    39

Table legend: (Time is in decaauts)
 A = Elapsed time spent in this place.
 B = Non-inter-level travel time spent in this place.
 C = Inter-level travel time spent in this place.
 D = Time resting spent in this place.
 E = Time spent auto-exploring this place.
 F = Levels seen in this place.
 G = Mean time per level.
                   A        B        C        D        E       F      G
               +--------+--------+--------+--------+--------+-----+--------+
         Total |    901 |    836 |     65 |      0 |    670 |   3 |  300.3 |
       Dungeon |    901 |    836 |     65 |      0 |    670 |   3 |  300.3 |
               +--------+--------+--------+--------+--------+-----+--------+

Top non-repeatable levels by time:
     D:1: 619 daAuts
     D:4: 144 daAuts
     D:2: 136 daAuts
